 Dungeon Crawl Stone Soup version 0.28.0 (webtiles) character file.

Game seed: 6954754488274536410

184 Sanktem7 the Firebug (level 5, -2/37 HPs)
             Began as a Gnoll Fire Elementalist on Feb 13, 2022.
             Slain by a black bear (5 damage)
             ... on level 5 of the Dungeon.
             The game lasted 00:11:19 (2707 turns).

Sanktem7 the Firebug (Gnoll Fire Elementalist)      Turns: 2707, Time: 00:11:22

Health: -2/37      AC:  2    Str:  8    XL:     5   Next: 63%
Magic:  2/12       EV: 13    Int: 16    God:
Gold:   82         SH:  0    Dex: 12    Spells: 8/14 levels left

rFire   . . .      SeeInvis .     - Unarmed
rCold   . . .      Faith    .   (no shield)
rNeg    . . .      Spirit   .   a - +0 robe
rPois   .          Reflect  .   (no helmet)
rElec   .          Harm     .   (no cloak)
rCorr   .          Rampage  .   (no gloves)
Will    .....                   (no boots)
Stlth   +++.......              (no amulet)
HPRegen 0.12/turn               (no ring)
MPRegen 0.13/turn               (no ring)

@: no status effects
A: fangs 1, strong nose, distributed training
a: no special abilities


You were on level 5 of the Dungeon.
You visited 1 branch of the dungeon, and saw 4 of its levels.

You collected 82 gold pieces.

Inventory:

Armour
 a - a +0 robe (worn)
Scrolls
 b - 3 scrolls of holy word {unknown}
 c - a scroll of identify {unknown}
Potions
 d - 2 potions of attraction {unknown}
 e - 2 potions of might
 f - a potion of flight {unknown}


   Skills:
 + Level 1.6 Fighting
 + Level 1.6 Short Blades
 + Level 1.6 Long Blades
 + Level 1.6 Axes
 + Level 1.6 Maces & Flails
 + Level 1.6 Polearms
 + Level 1.6 Staves
 + Level 1.6 Slings
 + Level 1.6 Bows
 + Level 1.6 Crossbows
 + Level 1.6 Throwing
 + Level 1.6 Armour
 + Level 4.8 Dodging
 + Level 4.4 Stealth
 + Level 1.6 Shields
 + Level 1.6 Unarmed Combat
 + Level 5.2 Spellcasting
 + Level 2.4 Conjurations
 + Level 1.2 Hexes
 + Level 1.2 Summonings
 + Level 1.2 Necromancy
 + Level 1.2 Translocations
 + Level 1.2 Transmutations
 + Level 5.5 Fire Magic
 + Level 1.2 Ice Magic
 + Level 1.2 Air Magic
 + Level 1.2 Earth Magic
 + Level 1.2 Poison Magic
 + Level 1.8 Invocations
 + Level 1.6 Evocations


You had 8 spell levels left.
You knew the following spells:

 Your Spells              Type           Power      Damage    Failure   Level
a - Foxfire               Conj/Fire      68%        2x1d7     2%          1
b - Scorch                Fire           44%        2d7       2%          2
c - Conjure Flame         Conj/Fire      17%        6-21      9%          3

Your spell library contained the following spells:

 Spells                   Type           Power      Damage    Failure   Level
 Inner Flame              Hex/Fire       15%        N/A       11%         3
 Ensorcelled Hibernation  Hex/Ice        16%        N/A       13%         2
 Call Canine Familiar     Summ           8%         N/A       26%         3
 Portal Projectile        Hex/Tloc       16%        N/A       26%         3
 Spider Form              Tmut/Pois      8%         N/A       26%         3
 Flame Wave               Conj/Fire      17%        2d6       28%         4
 Anguish                  Hex/Necr       4%         N/A       65%         4
 Animate Armour           Summ/Erth      16%        N/A       65%         4
 Leda's Liquefaction      Hex/Erth       4%         N/A       65%         4
 Blade Hands              Tmut           4%         N/A       94%         5
 Iron Shot                Conj/Erth      5%         9d2       100%        6


Dungeon Overview and Level Annotations

Branches:
Dungeon (5/15)             Temple (0/1) D:4

Altars:


Innate Abilities, Weirdness & Mutations

You have very sharp teeth.
Your uncanny sense of smell can sniff out nearby items.
Your experience applies equally to all skills.


Message History

There is an open door here.
A black bear comes into view.
A hound zombie comes into view.
Found 12 gold pieces.
The black bear growls angrily.
The black bear misses you. The black bear barely misses you.
The black bear claws you.
Casting: Conjure Flame (dangerous; 9% risk of failure)
Confirm with . or Enter, or press ? or * to list all spells.
Flames lash the black bear.
The black bear is heavily wounded.
The black bear's fire resistance burns away.
The black bear bites you. The black bear claws you. x2
Casting: Scorch (safe; 2% risk of failure)
Confirm with . or Enter, or press ? or * to list all spells.
Flames lash the hound zombie.
The hound zombie is heavily damaged.
The hound zombie's fire resistance burns away.
The black bear bites you! The black bear claws you. x2
Casting: Scorch (safe; 2% risk of failure)
Confirm with . or Enter, or press ? or * to list all spells.
Flames lash the hound zombie.
The hound zombie is burned terribly!
The hound zombie is almost destroyed.
The black bear bites you. The black bear claws you.
* * * LOW HITPOINT WARNING * * *
The black bear barely misses you.
Casting: Scorch (safe; 2% risk of failure)
Confirm with . or Enter, or press ? or * to list all spells.
Flames lash the hound zombie.
The hound zombie is burned terribly!
You destroy the hound zombie!
The black bear bites you.
* * * LOW HITPOINT WARNING * * *
The black bear misses you. x2
Casting: Scorch (safe; 2% risk of failure)
Confirm with . or Enter, or press ? or * to list all spells.
Flames lash the black bear.
The black bear is burned terribly!
The black bear is severely wounded.
The black bear barely misses you. The black bear closely misses you.
The black bear claws you.
You die...

#.......#####+###
#..........)....#
#.#.#'#.........#
#..<#.#.........#
###.#...........#
.......##.........#.#
....................+
....#...#####.#####.#
###.#...##.h@.......#
#.#...##.##.#####.# ∆
#.....(.......
#...#..#.##.###
#...#..#.##.# ∆ #.
..##.# ∆ .. ..##.# ..
$.. ..


You could see a black bear (combustible).

Vanquished Creatures
  A hound (D:4)
  An iguana (D:4)
  A hound zombie (D:5)
  3 adders (D:4)
  4 gnolls
  A dart slug (D:1)
  An orc (D:4)
  5 endoplasms
  2 giant cockroaches (D:1)
  A goblin (D:1)
  5 hobgoblins
  6 jackals (D:1)
  A quokka (D:1)
  4 ball pythons
  4 bats (D:1)
  4 frilled lizards (D:1)
  A kobold (D:4)
  3 rats
48 creatures vanquished.

Vanquished Creatures (others)
  74 foxfires
74 creatures vanquished.

Grand Total: 122 creatures vanquished

Notes
Turn   | Place    | Note
-------+----------+-------------------------------------------
     0 | D:1      | Sanktem7 the Gnoll Fire Elementalist began the quest for
                  | the Orb.
     0 | D:1      | Reached XP level 1. HP: 13/13 MP: 6/6
   258 | D:1      | Reached XP level 2. HP: 19/19 MP: 4/7
   470 | D:1      | Reached XP level 3. HP: 25/25 MP: 1/9
   506 | D:1      | Reached skill level 5 in Spellcasting
   749 | D:1      | Reached skill level 1 in Invocations
  1199 | D:2      | Learned a level 2 spell: Scorch
  1203 | D:2      | Learned a level 3 spell: Conjure Flame
  1224 | D:2      | You fall into a shaft and drop 2 floors!
  1371 | D:4      | Reached skill level 1 in Fighting
  1371 | D:4      | Reached skill level 1 in Short Blades
  1371 | D:4      | Reached skill level 1 in Long Blades
  1371 | D:4      | Reached skill level 1 in Axes
  1371 | D:4      | Reached skill level 1 in Maces & Flails
  1371 | D:4      | Reached skill level 1 in Polearms
  1371 | D:4      | Reached skill level 1 in Staves
  1371 | D:4      | Reached skill level 1 in Slings
  1371 | D:4      | Reached skill level 1 in Bows
  1371 | D:4      | Reached skill level 1 in Crossbows
  1371 | D:4      | Reached skill level 1 in Throwing
  1371 | D:4      | Reached skill level 1 in Armour
  1371 | D:4      | Reached skill level 1 in Shields
  1371 | D:4      | Reached skill level 1 in Unarmed Combat
  1371 | D:4      | Reached skill level 1 in Evocations
  1371 | D:4      | Reached XP level 4. HP: 32/32 MP: 4/11
  1893 | D:4      | Reached skill level 1 in Hexes
  1893 | D:4      | Reached skill level 1 in Summonings
  1893 | D:4      | Reached skill level 1 in Necromancy
  1893 | D:4      | Reached skill level 1 in Translocations
  1893 | D:4      | Reached skill level 1 in Transmutations
  1893 | D:4      | Reached skill level 1 in Ice Magic
  1893 | D:4      | Reached skill level 1 in Air Magic
  1893 | D:4      | Reached skill level 1 in Earth Magic
  1893 | D:4      | Reached skill level 1 in Poison Magic
  1979 | D:4      | Reached XP level 5. HP: 37/37 MP: 5/12
  2155 | D:4      | Found a staircase to the Ecumenical Temple.
  2682 | D:5      | Entered Level 5 of the Dungeon
  2697 | D:5      | Noticed a black bear
  2707 | D:5      | Slain by a black bear

Illustrated notes

Levels and vault maps discovered:
D:1:      giann_wishing_wells, layout_rooms, hangedman_glass_teeth,
          minmay_fountain_box
D:2:      layout_basic, guppyfry_early_lair_pool
D:4:      layout_basic, minmay_temple_entry_statues_fountains,
          minmay_liquid_box, minivault_19, patterned_corridor
D:5:      layout_basic, gammafunk_temple_overflow_elements,
          ebering_ghost_sewer_f

Skill      XL: |  1  2  3  4 |
---------------+-------------+-----
Conjurations   | 2 |  2.4
Spellcasting   | 5 |  5.2
Invocations    | 1 |  1.8
Fighting       | 1 |  1.6
Short Blades   | 1 |  1.6
Long Blades    | 1 |  1.6
Axes           | 1 |  1.6
Maces & Flails | 1 |  1.6
Polearms       | 1 |  1.6
Staves         | 1 |  1.6
Slings         | 1 |  1.6
Bows           | 1 |  1.6
Crossbows      | 1 |  1.6
Throwing       | 1 |  1.6
Armour         | 1 |  1.6
Shields        | 1 |  1.6
Unarmed Combat | 1 |  1.6
Evocations     | 1 |  1.6
Hexes          | 1 |  1.2
Summonings     | 1 |  1.2
Necromancy     | 1 |  1.2
Translocations | 1 |  1.2
Transmutations | 1 |  1.2
Ice Magic      | 1 |  1.2
Air Magic      | 1 |  1.2
Earth Magic    | 1 |  1.2
Poison Magic   | 1 |  1.2
Dodging        | |  4.8
Stealth        | |  4.4
Fire Magic     | |  5.5

Action                   |  1- 3 |  4- 6 || total
-------------------------+-------+-------++-------
Melee: Unarmed           |    32 |       ||    32
       Bite              |     1 |       ||     1
 Cast: Foxfire           |    61 |     6 ||    67
       Scorch            |     4 |    26 ||    30
       Conjure Flame     |       |     1 ||     1
  Use: Potion            |       |     2 ||     2
 Stab: Sleeping          |     1 |       ||     1
Armor: Robe              |    16 |       ||    16
Dodge: Dodged            |    54 |    22 ||    76
